 Dungeon Crawl Stone Soup version 0.31.0-12-g77e489cdc1 (webtiles) character file.

Game seed: 9875407599416504868

205 nightchill the Chopper (level 6, -14/50 HPs)
             Began as a Formicid Fighter on Feb 18, 2024.
             Was a Follower of Zin.
             Killed from afar by Ijyb (22 damage)
             ... with a bolt of dispelling energy
             ... on level 3 of the Dungeon.
             The game lasted 00:05:02 (2735 turns).

nightchill the Chopper (Formicid Fighter)           Turns: 2735, Time: 00:05:02

Health: -14/50     AC: 10    Str: 22    XL:     6   Next: 9%
Magic:  6/6        EV:  8    Int:  8    God:    Zin [*.....]
Gold:   106        SH:  5    Dex: 13    Spells: 5/5 levels left

rFire   . . .        a - +0 war axe
rCold   . . .        c - +0 buckler
rNeg    . . .        d - +0 chain mail
rPois   .            (helmet unavailable)
rElec   .            (no cloak)
rCorr   .            (no gloves)
SInv    +            t - +0 pair of boots
Will    .....        l - amulet of the acrobat Stlth
                     (no ring)
HPRegen 0.28/turn    (no ring)
MPRegen 0.10/turn

%: acrobat
@: no status effects
A: permanent stasis, dig shafts and tunnels, antennae 3, four strong arms
a: Dig, Shaft Self, Renounce Religion, Recite, Donate Gold


You were on level 3 of the Dungeon.
You worshipped Zin.
Zin was aware of your devotion.
You visited 1 branch of the dungeon, and saw 3 of its levels.

You collected 117 gold pieces.
You donated 11 gold pieces to Zin.

Inventory:

Hand Weapons
 a - a +0 war axe (weapon)
 s - a +0 morningstar
Armour
 c - a +0 buckler (worn)
 d - a +0 chain mail (worn)
 t - a +0 pair of boots (worn)
Jewellery
 l - an amulet of the acrobat (around neck)
 u - an amulet of magic regeneration
Talismans
 g - a granite talisman
Scrolls
 e - a scroll of acquirement {unknown}
 f - a scroll of fog
 h - a scroll of fear {unknown}
 i - a scroll of enchant armour {unknown}
 n - a scroll of blinking {unknown}
 r - a scroll of vulnerability {unknown}
Potions
 b - 2 potions of might
 j - a potion of magic
 k - a potion of mutation
 m - a potion of haste {unknown}
 o - a potion of heal wounds {unknown}
 q - a potion of lignification


   Skills:
 + Level 4.8 Fighting
 * Level 4.9 Axes
 - Level 3.2 Armour
 - Level 4.0 Shields


You had 5 spell levels left.
You didn't know any spells.
Your spell library was empty.

Dungeon Overview and Level Annotations

Branches:
Dungeon (3/15)

Altars:
Wu Jian
Zin

Annotations:
D:3 Ijyb


Innate Abilities, Weirdness & Mutations

You cannot be hasted, slowed, berserked, paralysed or teleported.
You can dig through walls and to a lower floor.
You have a pair of large antennae on your head. (SInv)
Your four strong arms can wield two-handed weapons with a shield.


Message History

There is a broken door here.
You closely miss Ijyb.
Ijyb zaps a wand.
The bolt of dispelling energy hits you but does no damage.
Ijyb hits you with a +0 dagger.
You barely miss Ijyb.
Ijyb zaps a wand.
The bolt of dispelling energy hits you!
You hit Ijyb but do no damage. Ijyb hits you but does no damage.
You barely miss Ijyb. Ijyb barely misses you. Ijyb closely misses you.
You slash Ijyb!
Ijyb is moderately wounded.
Ijyb zaps a wand.
The bolt of dispelling energy hits you!!
* * * LOW HITPOINT WARNING * * *
You barely miss Ijyb.
Ijyb is moderately wounded.
Ijyb zaps a wand.
The bolt of dispelling energy hits you!!
* * * LOW HITPOINT WARNING * * *
Throw: throwing net
Press: ? - help, Q - select action, (/) - cycle Shift-Dir - straight line, f - Ijyb
Aim: Ijyb, wielding a +0 dagger, wearing a +0 ring mail and carrying a wand of quicksilver (moderately wounded, 52% to hit)
You throw a throwing net. The throwing net hits Ijyb.
Ijyb is caught in the net!
Ijyb is moderately wounded.
Ijyb struggles against the net.
You catch the helpless Ijyb completely off-guard!
You hit Ijyb but do no damage.
Ijyb is moderately wounded.
Ijyb struggles against the net. x2
You hit Ijyb.
Ijyb is heavily wounded.
Ijyb struggles against the net.
You hit Ijyb but do no damage.
Ijyb is heavily wounded.
Ijyb struggles against the net.
You hit Ijyb.
Ijyb is severely wounded.
Ijyb zaps a wand.
The bolt of dispelling energy hits you!!
You die...

#.##....######.# #......
#.#####......... #......
#..............# #......
##############.# #......
#...ยงยงยงยง#.# #......
#.#######.# #...... #.#
#..
#.....g#######.#########
.......@................
#......#######......####
####...#............#
########.#####......#
#..........# #......#
#..........# #......#
#..........###......#
#...........##......#
#...........##......#


You could see Ijyb (caught).

Vanquished Creatures
  A bombardier beetle (D:3)
  An orc priest (D:2)
  An orc wizard (D:3)
  3 gnolls (D:3)
  2 adders
  A dart slug (D:3)
  2 ribbon worms
  9 orcs
  7 endoplasms
  A giant cockroach (D:3)
  4 goblins
  A hobgoblin (D:3)
  4 jackals (D:2)
  5 ball pythons
  3 bats
  4 frilled lizards
  9 kobolds
  3 rats
61 creatures vanquished.

Notes
Turn   | Place    | Note
-------+----------+-------------------------------------------
     0 | D:1      | nightchill the Formicid Fighter began the quest for the
                  | Orb.
     0 | D:1      | Reached XP level 1. HP: 18/18 MP: 1/1
   267 | D:1      | Reached XP level 2. HP: 24/24 MP: 2/2
  1000 | D:2      | Reached XP level 3. HP: 22/30 MP: 3/3
  1192 | D:2      | Reached XP level 4. HP: 26/37 MP: 4/4
  1975 | D:3      | Reached XP level 5. HP: 42/42 MP: 5/5
  2038 | D:3      | Found a glowing silver altar of Zin.
  2060 | D:3      | Found an ornate altar of the Wu Jian Council.
  2066 | D:3      | Became a worshipper of Zin the Law-Giver
  2066 | D:3      | Reached * piety under Zin
  2103 | D:3      | Reached XP level 6. HP: 29/49 MP: 6/6
  2718 | D:3      | Noticed Ijyb
  2735 | D:3      | Killed from afar by Ijyb

Illustrated notes

Levels and vault maps discovered:
D:1:      evilmike_arrival_crescent, layout_basic, hangedman_glass_teeth
D:2:      minmay_general_purpose_star, layout_loops_ring
D:3:      layout_basic, nicolae_overflow_squiral, uniq_ijyb

Skill      XL: |  1  2  3  4 |
---------------+-------------+-----
Axes           | 3 4 |  4.9
Fighting       | 4 |  4.8
Armour         | |  3.2
Shields        | |  4.0

Action                     |  1- 3 |  4- 6 || total
---------------------------+-------+-------++-------
  Melee: War axe           |    95 |    79 ||   174
  Throw: Throwing net      |       |     1 ||     1
 Invoke: Recite            |       |     1 ||     1
    Use: Potion            |     1 |       ||     1
         Scroll            |       |     5 ||     5
   Stab: Held in net/web   |       |     1 ||     1
 Armour: Scale mail        |    54 |     6 ||    60
         Chain mail        |       |    48 ||    48
  Dodge: Dodged            |    44 |    38 ||    82
  Block: Buckler           |    19 |    17 ||    36
